 Dungeon Crawl Stone Soup version 0.22.1 (webtiles) character file.

354 Freyura the Twirler (level 6, 0/32 HPs)
             Began as a Vine Stalker Gladiator on Sept 18, 2018.
             Slain by a wight
             ... wielding a +0 flail
              (2 damage)
             ... on level 7 of the Dungeon.
             The game lasted 00:08:29 (2690 turns).

Freyura the Twirler (Vine Stalker Gladiator)        Turns: 2690, Time: 00:08:31

Health: 0/32       AC: 11    Str: 16    XL:     6   Next: 63%
Magic:  0/16       EV: 11    Int:  5    God:
Gold:   216        SH:  0    Dex: 18    Spells: 5/5 levels left

rFire    . . .     SeeInvis .   a - +0 quarterstaff
rCold    . . .     Gourm    .   (shield currently unavailable)
rNeg     + . .     Faith    .   m - +1 scale mail {rN+}
rPois    .         Spirit   +   c - +0 helmet
rElec    .         Reflect  .   (no cloak)
rCorr    .         Harm     .   (no gloves)
MR       .....                  w - +2 pair of boots
Stlth    ..........             (no amulet)
HPRegen  0.50/turn              l - ring of magical power
MPRegen  0.15/turn              n - -3 ring of intelligence (curse)

@: drained
A: fangs 2, regeneration 1, magic shield, antimagic bite, no potion heal 3, rot
immunity
a: no special abilities


You were on level 7 of the Dungeon.
You were full.

You visited 1 branch of the dungeon, and saw 5 of its levels.

You collected 216 gold pieces.

Inventory:

Hand Weapons
 a - a +0 quarterstaff (weapon)
Missiles
 d - 5 throwing nets (quivered)
 i - 9 poisoned needles
Armour
 b - a +0 leather armour
 c - a +0 helmet (worn)
 m - a +1 scale mail of positive energy (worn)
 w - a +2 pair of boots (worn)
Jewellery
 l - a ring of magical power (left hand)
 n - a cursed -3 ring of intelligence (right hand)
 q - an uncursed ring of protection from magic {unknown}
 t - an uncursed ring of ice {unknown}
Wands
 h - a wand of flame (9)
Scrolls
 e - 2 scrolls of magic mapping
 v - a scroll of identify
Potions
 g - 2 potions of curing
 k - a potion of lignification
 s - a potion of cancellation {unknown}
 u - 3 potions of brilliance {unknown}
Comestibles
 f - a ration


   Skills:
 + Level 3.2(3.0) Fighting
 * Level 4.9(4.6) Staves
 - Level 1.7(1.5) Throwing
 + Level 1.2(1.0) Armour
 + Level 3.5(3.3) Dodging


You had 5 spell levels left.
You didn't know any spells.
Your spell library was empty.

Dungeon Overview and Level Annotations

Branches:
Dungeon (4/15)
 Temple: D:4-7

Altars:
Cheibriados
Nemelex Xobeh


Innate Abilities, Weirdness & Mutations

You have extremely sharp teeth.
Your natural rate of healing is unusually fast.
When hurt, damage is shared between your health and your magic reserves.
Your bite disrupts and absorbs the magic of your enemies.
Potions cannot restore your health.
You are immune to rotting.


Message History

Your scale mail prevents you from hitting the wight.
You bite the wight, but do no damage.
The wight is moderately damaged.
The wight hits you but does no damage.
The orc wizard hits you but does no damage.
You hit the wight. You bite the wight, but do no damage.
The wight is heavily damaged.
The orc wizard barely misses you. The wight barely misses you.
You hit the wight but do no damage. Your bite misses the wight.
The wight is heavily damaged.
The orc wizard hits you but does no damage.
The wight hits you with a flail.
* * * LOW HITPOINT WARNING * * *
You hit the wight but do no damage. You bite the wight, but do no damage.
The wight is heavily damaged.
An orc wizard appears from thin air!
Reactivating autopickup.
The orc wizard hits you but does no damage.
The wight hits you with a flail.
You die...

.ยง #.# ..## #.#
...##.### #......#
#......#
#.###......#
#.........o######.#
#.......ooo@zz...#
#........o########
#.........#
#.........#
#.........#
#.........#
#.........#
###########


You could see 2 wights, an orc priest, 2 orc wizards and 2 orcs.

Vanquished Creatures
  Eustachio (D:4)
  A wight (D:7)
  Terence (D:2)
  6 adders
  An adder skeleton (D:4)
  4 worms
  2 dart slugs (D:1)
  2 leopard geckos
  4 orcs (D:3)
  2 ball pythons (D:2)
  7 bats
  6 giant cockroaches
  4 goblins
  7 hobgoblins
  5 kobolds
  A quokka (D:4)
  9 frilled lizards
  13 rats
76 creatures vanquished.

Notes
Turn   | Place    | Note
-------+----------+-------------------------------------------
     0 | D:1      | Freyura the Vine Stalker Gladiator began the quest for the
                  | Orb.
     0 | D:1      | Reached XP level 1. HP: 11/11 MP: 2/2
    92 | D:1      | Reached XP level 2. HP: 12/15 MP: 3/3
   116 | D:1      | Reached skill level 3 in Staves
   476 | D:1      | Reached XP level 3. HP: 17/18 MP: 4/4
   937 | D:2      | Found a sparkling altar of Nemelex Xobeh.
  1282 | D:2      | Gained mutation: Your natural rate of healing is unusually
                  | fast. [Vine Stalker growth]
  1282 | D:2      | Reached XP level 4. HP: 18/23 MP: 5/5
  1367 | D:2      | Noticed Terence
  1386 | D:2      | Killed Terence
  1474 | D:2      | Reached skill level 4 in Staves
  1599 | D:2      | Reached XP level 5. HP: 27/27 MP: 6/6
  1615 | D:2      | Found a snail-covered altar of Cheibriados.
  1869 | D:3      | Found a faded altar of an unknown god.
  2365 | D:4      | Noticed Eustachio
  2412 | D:4      | Killed Eustachio
  2412 | D:4      | Reached skill level 1 in Armour
  2412 | D:4      | Reached XP level 6. HP: 12/32 MP: 3/7
  2659 | D:4      | You fall through a shaft for 3 floors!
  2690 | D:7      | Slain by a wight

Skill      XL: |  1  2  3  4  5 |
---------------+----------------+-----
Fighting       | 2 3 |  3.2
Staves         | 3 4 |  4.9
Dodging        | 3 |  3.5
Armour         | 1 |  1.2
Throwing       | |  1.7

Action                   |  1- 3 |  4- 6 || total
-------------------------+-------+-------++-------
Melee: Quarterstaff      |    83 |   165 ||   248
       Bite              |    22 |    41 ||    63
  Use: Scroll            |     4 |     8 ||    12
       Potion            |       |     1 ||     1
 Stab: Sleeping          |     1 |       ||     1
  Eat: Ration            |     1 |     2 ||     3
Armor: Leather armour    |    31 |    11 ||    42
       Scale mail        |       |    70 ||    70
       Skin              |       |    29 ||    29
Dodge: Dodged            |    65 |   114 ||   179
